 Dungeon Crawl Stone Soup version 0.17-a0-72-gd614ac0 (webtiles) character file.

126 Chiseanne the Magician (level 5, -2/31 HPs)
             Began as an Octopode Wizard on Mar 13, 2015.
             Killed by divine providence
             ... invoked by an orc priest
              (9 damage)
             ... on level 3 of the Dungeon.
             The game lasted 00:06:15 (3159 turns).

Chiseanne the Magician (Octopode Wizard)            Turns: 3159, Time: 00:06:15

Health: -2/31      AC:  2    Str:  8    XL:     5   Next: 10%
Magic:  1/13       EV: 12    Int: 20    God:
Gold:   95         SH:  0    Dex: 10    Spells: 5 memorised, 1 level left

rFire  . . .     SeeInvis .     a - +2 flail (crush)
rCold  . . .     Clarity  .     (no shield)
rNeg   . . .     SustAb   .     b - +1 hat
rPois  .         Gourm    .     (no amulet)
rElec  .         Spirit   .     e - ring of flight
rCorr  .         Warding  .     (no ring)
rMut   .         Stasis   .     (no ring)
MR     .....                    (no ring)
Stlth  +++.......               (no ring)
                                (no ring)
                                (no ring)
                                (no ring)

@: very slightly contaminated, repel missiles, not resistant to hostile
enchantments, fairly stealthy
A: almost no armour, amphibious, 8 rings, constrict 8, camouflage 1, gelatinous
body 1
a: Evoke Flight


You were on level 3 of the Dungeon.
You were very hungry.

You visited 1 branch of the dungeon, and saw 3 of its levels.

You collected 95 gold pieces.

Inventory:

Hand weapons
 a - a +2 flail of crushing (weapon)
Missiles
 f - 3 needles of confusion
 l - 16 arrows
Armour
 b - a +1 hat (worn)
Jewellery
 e - a ring of flight (left tentacle)
Scrolls
 n - 3 scrolls of immolation
Potions
 h - 2 potions of heal wounds {unknown}
 j - a potion of lignification {unknown}
 m - a potion of restore abilities {unknown}
Books
 c - a book of Minor Magic

   Spells                             Type                      Level
   a - Magic Dart                     Conjuration                  1
   b - Blink                          Translocation                2
   c - Call Imp                       Summoning                    2
   d - Repel Missiles                 Charms/Air                   2
   e - Slow                           Hexes                        2
   f - Conjure Flame                  Conjuration/Fire             3
   g - Mephitic Cloud                 Conjuration/Poison/Air       3
Comestibles
 d - a bread ration
 g - 12 fruits
 i - a beef jerky
 p - a meat ration
 r - a slice of pizza


   Skills:
 * Level 2.8 Dodging
 - Level 2.6 Stealth
 * Level 4.3 Spellcasting
 * Level 2.6 Conjurations
   Level 1.0 Summonings
 - Level 1.0 Translocations


You had one spell level left.
You knew the following spells:

 Your Spells              Type           Power        Failure   Level  Hunger
a - Magic Dart            Conj           ##..         4%          1    None
b - Blink                 Tloc           N/A          14%         2    #......
c - Repel Missiles        Chrm/Air       #.....       21%         2    #......
d - Conjure Flame         Conj/Fire      #.......     24%         3    ###....
e - Mephitic Cloud        Conj/Pois/Air  #.......     30%         3    ###....


Dungeon Overview and Level Annotations

Branches:
Dungeon (3/15)

Altars:
Fedhas


Innate Abilities, Weirdness & Mutations

You cannot wear most types of armour.
You are amphibious.
You can wear up to eight rings at the same time.
You can use your tentacles to constrict many enemies at once.
Your skin changes colour to match your surroundings (Stealth).
Your rubbery body absorbs attacks (AC +1).


Message History

You miscast Conjure Flame.
Lukewarm flames ripple over your body.
Casting: Conjure Flame
Confirm with . or Enter, or press ? or * to list all spells.
Aiming: Conjure Flame
Press: ? - help, Dir - move target cursor The fire roars!
You are feeling very hungry.
The orc rages.
The orc is engulfed in roaring flames.
The orc barely misses you.
You hit the orc. Your grab misses the orc.
The orc is almost dead.
The orc is engulfed in roaring flames.
You kill the orc!
The orc priest calls down the wrath of Beogh upon you.
Something smites you!
Ouch! That really hurt!
* * * LOW HITPOINT WARNING * * *
The orc priest invokes the aid of Beogh against you.
Something smites you!
You die...

## ############# .##
######...§oo..)..#
..###########...@..#########)####
#.......>.......######**#....)..#
######....###................$..#
#.##.# #)..#####.##.......>#
#.##.# #...# *............ #.##.#
#...# *.##........# #.##o# #...#
*,*##........ #.##o#*#...#
*,*,...>....# #.##.#,...<#
*,*,#..o....#


You could see an orc priest and an orc.

Vanquished Creatures
  Jessica (D:3)
  3 gnolls (D:2)
  2 adders (D:2)
  A worm (D:2)
  A giant gecko (D:1)
  4 orcs (D:3)
  6 goblins
  13 hobgoblins
  A quokka (D:1)
  5 bats
  3 giant newts
  4 kobolds
  7 rats
51 creatures vanquished.

Notes
Turn   | Place    | Note
--------------------------------------------------------------
     0 | D:1      | Chiseanne, the Octopode Wizard, began the quest for the Orb.
     0 | D:1      | Reached XP level 1. HP: 11/11 MP: 4/4
   187 | D:1      | Reached XP level 2. HP: 17/17 MP: 3/6
   217 | D:1      | Learned a level 2 spell: Blink
   220 | D:1      | Learned a level 2 spell: Repel Missiles
  1003 | D:1      | Reached XP level 3. HP: 21/21 MP: 1/8
  1426 | D:2      | Found a blossoming altar of Fedhas.
  1877 | D:2      | Reached skill level 4 in Spellcasting
  2216 | D:2      | Reached XP level 4. HP: 27/27 MP: 7/11
  2221 | D:2      | Learned a level 3 spell: Conjure Flame
  2225 | D:2      | Learned a level 3 spell: Mephitic Cloud
  3070 | D:3      | Noticed Jessica
  3075 | D:3      | Killed Jessica
  3075 | D:3      | Reached XP level 5. HP: 31/31 MP: 4/13
  3159 | D:3      | Killed from afar by an orc priest

Action                   |  1- 3 |  4- 6 || total
-------------------------+-------+-------++-------
Melee: Unarmed           |     3 |       ||     3
       Club              |     1 |       ||     1
       Short sword       |     7 |     1 ||     8
       Flail             |       |     8 ||     8
 Cast: Magic Dart        |    98 |    37 ||   135
       Repel Missiles    |     1 |       ||     1
       Conjure Flame     |       |     2 ||     2
       Blink             |       |     1 ||     1
  Use: Scroll            |     3 |     4 ||     7
  Eat: Chunk             |     4 |     2 ||     6
